Demolitions vs Inferno
Created - 23 décembre 2013 at 19:29
Goals
|
| Demolitions |
2 |
0 |
1 |
0 |
3 |
| Inferno |
1 |
2 |
0 |
1 |
4 |
|
Shots
|
| Demolitions |
15 |
4 |
2 |
0 |
21 |
| Inferno |
16 |
18 |
4 |
1 |
39 |
|
1st period
1. Inferno , Vladimir Zharkov 8 (Andrej Meszaros) at 6:13
2. Demolitions , Anthony Stewart 16 (T.J. Hensick, Petr Vrana) at 10:37
3. Demolitions , T.J. Hensick 7 (Anthony Stewart) at 13:45 (PP)
Penalties :
Brian Boyle (Anc) for Interference (Minor) at 13:35, Brendan Smith (Anc) for Roughing (Minor) at 14:33
2nd period
4. Inferno , Brad Marchand 12 (Mikhail Grabovski) at 8:03
5. Inferno , Brad Marchand 13 (Mikhail Grabovski) at 11:30
Penalties :
Jonathan Ferland (Anc) for Hooking (Minor) at 2:04, Spencer Machacek (Vic) for Roughing (Minor) at 4:22, T.J. Hensick (Vic) for Roughing (Minor) at 8:04, Anthony Stewart (Vic) for Hooking (Minor) at 13:10
3rd period
6. Demolitions , T.J. Hensick 8 (Andy Rogers, Anthony Stewart) at 1:21 (PP)
Penalties :
Brian Boyle (Anc) for Hooking (Minor) at 1:07, Stephane Veilleux (Anc) for Hooking (Minor) at 3:59
Overtime #1
7. Inferno , Jonathan Ferland 22 (Brendan Smith) at 2:21
Penalties :
No Penalty
Goalie Stats
Chad Johnson (Vic), 35 saves from 39 shots - (0,897), OTL, 8-5-1, 62:21 minutes
Josh Harding (Anc), 18 saves from 21 shots - (0,857), W, 15-3-3, 62:21 minutes
Players Stats for Demolitions
Player Name G A P +/- PIM S H SB GA TA FO MP PP MP PK MP
------------------------------------------------------------------------------------
Andy Rogers 0 1 1 0 0 0 2 1 0 4 0/0 28:42 3:52 3:54
Anssi Salmela 0 0 0 0 0 1 0 0 0 1 0/0 11:40 0:00 0:00
Anthony Stewart 1 2 3 0 2 4 2 3 0 0 1/4 24:22 3:35 2:30
Anton Babchuk 0 0 0 -3 0 0 1 3 0 0 0/0 19:29 2:29 2:03
Brandon Bochenski 0 0 0 -3 0 2 0 0 0 1 0/0 19:19 2:33 0:50
Josh Beaulieu 0 0 0 0 0 0 1 0 0 0 0/0 9:06 0:13 1:46
Kyle Cumiskey 0 0 0 0 0 3 1 1 0 1 0/0 28:11 3:52 3:54
Kyle Wharton 0 0 0 0 0 0 0 3 0 0 0/0 11:24 0:00 0:00
Masi Marjamaki 0 0 0 -2 0 1 3 1 0 0 0/0 17:09 2:33 0:00
Matt Corrente 0 0 0 -3 0 1 0 1 0 2 0/0 19:29 2:29 2:03
Nicholas D'Agostino 0 0 0 0 0 0 0 0 0 1 0/0 3:17 0:00 0:00
Nicolas Blanchard 0 0 0 -1 0 1 4 1 0 0 4/8 17:13 0:33 2:04
Petr Vrana 0 1 1 0 0 0 3 2 0 0 1/2 20:10 3:32 0:00
Robert Bortuzzo 0 0 0 0 0 0 0 0 0 0 0/0 3:17 0:00 0:00
Robert Klinkhammer 0 0 0 0 0 1 1 0 0 0 0/0 13:32 0:37 0:00
Ryan Craig 0 0 0 0 0 1 0 1 0 0 6/10 8:16 1:42 0:21
Spencer Machacek 0 0 0 0 2 0 1 0 1 0 0/1 15:08 0:13 1:51
T.J. Hensick 2 1 3 -2 2 6 2 0 0 0 12/32 26:55 3:32 2:27
Vince Rocco 0 0 0 0 0 0 1 0 0 1 0/4 6:45 0:00 0:05
Players Stats for Inferno
Player Name G A P +/- PIM S H SB GA TA FO MP PP MP PK MP
------------------------------------------------------------------------------------
Alex Berry 0 0 0 0 0 0 1 0 0 0 0/0 9:28 0:00 0:00
Andrej Meszaros 0 1 1 2 0 4 2 0 1 0 0/0 28:07 3:50 3:44
Andrej Sekera 0 0 0 2 0 0 1 1 0 0 0/0 28:07 3:50 3:44
Brad Marchand 2 0 2 2 0 6 1 0 2 0 0/0 21:46 2:56 1:20
Brendan Mikkelson 0 0 0 0 0 1 0 2 0 0 0/0 21:01 2:07 2:37
Brendan Smith 0 1 1 0 2 0 2 0 0 0 0/0 20:37 2:07 2:04
Brian Boyle 0 0 0 0 4 1 2 0 1 0 6/11 13:33 0:00 3:16
Colin Wilson 0 0 0 0 0 6 1 0 0 0 7/12 17:56 2:42 0:28
Jonathan Ferland 1 0 1 3 2 1 0 0 1 0 1/2 22:46 3:15 2:40
Jozef Balej 0 0 0 -1 0 2 1 0 1 0 2/2 15:03 0:00 0:00
Mark Mitera 0 0 0 1 0 1 0 0 0 0 0/0 13:47 0:00 0:33
Matt Kassian 0 0 0 1 0 0 2 0 0 0 0/1 8:21 0:00 0:00
Mikhail Grabovski 0 2 2 2 0 5 1 0 1 0 18/30 23:06 3:15 2:37
Pierre-Luc Létourneau 0 0 0 0 0 1 1 0 1 0 0/0 14:55 0:19 2:18
Stephane Veilleux 0 0 0 -1 2 6 3 0 2 0 1/1 19:11 2:42 0:03
Vladimir Sobotka 0 0 0 1 0 1 0 0 0 0 2/2 1:02 0:00 0:00
Vladimir Zharkov 1 0 1 1 0 3 1 0 1 0 0/0 10:59 2:42 0:00
Yannick Weber 0 0 0 1 0 1 0 0 0 1 0/0 13:13 0:00 0:00
3 Stars
1 - Brad Marchand (Anc)
2 - Anthony Stewart (Vic)
3 - T.J. Hensick (Vic)
Power Play
Demolitions - 2 on 5 Attempt(s) - 40,00%
Inferno - 0 on 3 Attempt(s) - 0,00%
Penalty Kill
Demolitions - 3 on 3 Attempt(s) - 100,00%
- Score 0 goal in Penalty Kill
Inferno - 3 on 5 Attempt(s) - 60,00%
- Score 0 goal in Penalty Kill
Official
Referees : Furlatt Eric and Hasenfratz Mike
Linesman : Dan Schachte and Steve Barton
Game Notes
Vladimir Sobotka is injured at 9:34 of 1st period (Strained Right Elbow)
Ryan Craig is injured at 5:46 of 2nd period (Groin)
Finance
Level 1 -- Attendance: 1635 (81,75%) -- Ticket Income 57 225 $
Level 2 -- Attendance: 803 (80,30%) -- Ticket Income 12 045 $
Total Attendance: 2438 (81,27%)
Total Ticket Income: 69 270 $
Other Income: 3 464 $
Total Income: 72 734 $
Demolitions
5 vs 5 Forward
Center Left Wing Right Wing Time % Phy DF OF
1 T.J. Hensick Petr Vrana Anthony Stewart 56 1 2 2
2 Ryan Craig Masi Marjamaki Brandon Bochenski 30 1 2 2
3 Nicolas Blanchard Robert Klinkhammer Spencer Machacek 13 1 2 2
4 Vince Rocco Josh Beaulieu T.J. Hensick 1 1 2 2
5 vs 5 Defense
Defense Defense Time % Phy DF OF
1 Andy Rogers Kyle Cumiskey 49 1 2 2
2 Anton Babchuk Matt Corrente 30 1 2 2
3 Anssi Salmela Kyle Wharton 20 1 2 2
4 Robert Bortuzzo Nicholas D'Agostino 1 1 2 2
PowerPlay Forward
Center Left Wing Right Wing Time % Phy DF OF
1 T.J. Hensick Petr Vrana Anthony Stewart 60 1 2 2
2 Ryan Craig Masi Marjamaki Brandon Bochenski 40 1 2 2
PowerPlay Defense
Defense Defense Time % Phy DF OF
1 Andy Rogers Kyle Cumiskey 60 1 2 2
2 Anton Babchuk Matt Corrente 40 1 2 2
Penalty Kill 4 Players Forward
Center Wing Time % Phy DF OF
1 T.J. Hensick Anthony Stewart 60 1 2 2
2 Ryan Craig Brandon Bochenski 40 1 2 2
Penalty Kill 4 Players Defense
Defense Defense Time % Phy DF OF
1 Andy Rogers Kyle Cumiskey 60 1 2 2
2 Anton Babchuk Matt Corrente 40 1 2 2
Penalty Kill - 3 Players Forward
Forward Time % Phy DF OF
1 T.J. Hensick 60 1 2 2
2 Anthony Stewart 40 1 2 2
Penalty Kill - 3 Players Defense
Defense Defense Time % Phy DF OF
1 Andy Rogers Kyle Cumiskey 60 1 2 2
2 Anton Babchuk Matt Corrente 40 1 2 2
4 vs 4 Forward
Center Wing Time % Phy DF OF
1 T.J. Hensick Anthony Stewart 60 1 2 2
2 Ryan Craig Brandon Bochenski 40 1 2 2
4 vs 4 Defense
Defense Defense Time % Phy DF OF
1 Andy Rogers Kyle Cumiskey 60 1 2 2
2 Anton Babchuk Matt Corrente 40 1 2 2
Last Minutes Offensive
Center Left Wing Right Wing Defense Defense
T.J. Hensick Petr Vrana Anthony Stewart Andy Rogers Kyle Cumiskey
Last Minutes Defensive
Center Left Wing Right Wing Defense Defense
T.J. Hensick Petr Vrana Anthony Stewart Andy Rogers Kyle Cumiskey
Goaltenders
Starting : Chad Johnson
Backup : Antero Niittymaki
Extra Forwards
Normal : Nicolas Blanchard, Robert Klinkhammer, Spencer Machacek - PP : Nicolas Blanchard, Robert Klinkhammer - PK : Spencer Machacek
Extra Defensemen
Normal : Anssi Salmela, Kyle Wharton, Robert Bortuzzo - PP : Anssi Salmela - PK : Kyle Wharton, Robert Bortuzzo
Penalty Shots
T.J. Hensick, Anthony Stewart, Ryan Craig, Brandon Bochenski, Petr Vrana
Inferno
5 vs 5 Forward
Center Left Wing Right Wing Time % Phy DF OF
1 Mikhail Grabovski Brad Marchand Jonathan Ferland 40 1 2 2
2 Colin Wilson Stephane Veilleux Jozef Balej 30 1 2 2
3 Brian Boyle Pierre-Luc Létourneau Alex Berry 20 1 2 2
4 Vladimir Sobotka Matt Kassian Vladimir Zharkov 10 1 2 2
5 vs 5 Defense
Defense Defense Time % Phy DF OF
1 Andrej Meszaros Andrej Sekera 40 1 2 2
2 Brendan Smith Brendan Mikkelson 30 1 2 2
3 Mark Mitera Yannick Weber 20 1 2 2
4 Andrej Meszaros Andrej Sekera 10 1 2 2
PowerPlay Forward
Center Left Wing Right Wing Time % Phy DF OF
1 Mikhail Grabovski Brad Marchand Jonathan Ferland 60 1 2 2
2 Colin Wilson Stephane Veilleux Vladimir Zharkov 40 1 2 2
PowerPlay Defense
Defense Defense Time % Phy DF OF
1 Andrej Meszaros Andrej Sekera 60 1 2 2
2 Brendan Smith Brendan Mikkelson 40 1 2 2
Penalty Kill 4 Players Forward
Center Wing Time % Phy DF OF
1 Brian Boyle Jonathan Ferland 60 1 3 1
2 Vladimir Sobotka Pierre-Luc Létourneau 40 1 3 1
Penalty Kill 4 Players Defense
Defense Defense Time % Phy DF OF
1 Andrej Meszaros Andrej Sekera 60 1 3 1
2 Brendan Smith Brendan Mikkelson 40 1 3 1
Penalty Kill - 3 Players Forward
Forward Time % Phy DF OF
1 Brian Boyle 60 1 4 0
2 Mikhail Grabovski 40 1 4 0
Penalty Kill - 3 Players Defense
Defense Defense Time % Phy DF OF
1 Andrej Meszaros Andrej Sekera 60 1 4 0
2 Brendan Smith Brendan Mikkelson 40 1 4 0
4 vs 4 Forward
Center Wing Time % Phy DF OF
1 Mikhail Grabovski Brad Marchand 60 1 2 2
2 Colin Wilson Jonathan Ferland 40 1 2 2
4 vs 4 Defense
Defense Defense Time % Phy DF OF
1 Andrej Meszaros Andrej Sekera 60 1 2 2
2 Brendan Smith Brendan Mikkelson 40 1 2 2
Last Minutes Offensive
Center Left Wing Right Wing Defense Defense
Mikhail Grabovski Brad Marchand Jonathan Ferland Andrej Meszaros Andrej Sekera
Last Minutes Defensive
Center Left Wing Right Wing Defense Defense
Mikhail Grabovski Brad Marchand Jonathan Ferland Andrej Meszaros Andrej Sekera
Goaltenders
Starting : Josh Harding
Backup : Jonathan Boutin
Extra Forwards
Normal : Stephane Veilleux, Pierre-Luc Létourneau, Jozef Balej - PP : Vladimir Sobotka, Pierre-Luc Létourneau - PK : Vladimir Sobotka
Extra Defensemen
Normal : Andrej Sekera, Brendan Smith, Brendan Mikkelson - PP : Brendan Smith - PK : Andrej Meszaros, Brendan Smith
Penalty Shots
Alex Berry, Colin Wilson, Jonathan Ferland, Vladimir Sobotka, Vladimir Zharkov
% Time on Ice - Demolitions
Lines # - Real PCT - Wanted PCT - Time Play
Normal Forward
1 - 35% - 56% - 16:32
2 - 38% - 30% - 18:11
3 - 17% - 13% - 8:16
4 - 10% - 1% - 4:43
Normal Defense
1 - 40% - 49% - 19:05
2 - 29% - 30% - 13:56
3 - 24% - 20% - 11:24
4 - 7% - 1% - 3:17
PP Forward
1 - 56% - 60% - 3:32
2 - 44% - 40% - 2:49
PP Defense
1 - 61% - 60% - 3:52
2 - 39% - 40% - 2:29
PK Forward
1 - 86% - 60% - 5:07
2 - 14% - 40% - 0:50
PK Defense
1 - 66% - 60% - 3:54
2 - 34% - 40% - 2:03
PK3 Forward
1 - 0% - 60%
2 - 0% - 40%
PK3 Defense
1 - 0% - 60%
2 - 0% - 40%
44 Forward
1 - 75% - 60% - 1:46
2 - 25% - 40% - 0:35
44 Defense
1 - 57% - 60% - 1:20
2 - 43% - 40% - 1:01
Last Minute Offensive - 0:00
Last Minute Defensive - 0:00
Total
Forward - 62:21
Defense - 62:21
|
% Time on Ice - Inferno
Lines # - Real PCT - Wanted PCT - Time Play
Normal Forward
1 - 36% - 40% - 17:08
2 - 28% - 30% - 13:31
3 - 18% - 20% - 8:42
4 - 18% - 10% - 8:21
Normal Defense
1 - 37% - 40% - 17:45
2 - 32% - 30% - 15:11
3 - 28% - 20% - 13:13
4 - 3% - 10% - 1:33
PP Forward
1 - 55% - 60% - 3:15
2 - 45% - 40% - 2:42
PP Defense
1 - 64% - 60% - 3:50
2 - 36% - 40% - 2:07
PK Forward
1 - 77% - 60% - 4:54
2 - 23% - 40% - 1:27
PK Defense
1 - 59% - 60% - 3:44
2 - 41% - 40% - 2:37
PK3 Forward
1 - 0% - 60%
2 - 0% - 40%
PK3 Defense
1 - 0% - 60%
2 - 0% - 40%
44 Forward
1 - 77% - 60% - 1:49
2 - 23% - 40% - 0:32
44 Defense
1 - 62% - 60% - 1:27
2 - 38% - 40% - 0:54
Last Minute Offensive - 0:00
Last Minute Defensive - 0:00
Total
Forward - 62:21
Defense - 62:21
|
Play by Play
1st period
0:01 of 1st period - Anthony Stewart wins face-off versus Mikhail Grabovski in neutral zone.
0:31 of 1st period - Andy Rogers is hit by Stephane Veilleux and loses puck.
0:38 of 1st period - Wrist shot by Colin Wilson.
0:38 of 1st period - Stopped by Chad Johnson with a rebound.
0:58 of 1st period - Andy Rogers is hit by Pierre-Luc Létourneau and loses puck.
1:46 of 1st period - Andy Rogers is hit by Stephane Veilleux and loses puck.
3:05 of 1st period - Slapshot by Vladimir Sobotka.
3:05 of 1st period - Stopped by Chad Johnson with a rebound.
3:21 of 1st period - Snap shot by Stephane Veilleux.
3:21 of 1st period - Shot Blocked by Matt Corrente.
3:23 of 1st period - Wrist shot by Jozef Balej.
3:23 of 1st period - Stopped by Chad Johnson without a rebound.
3:24 of 1st period - Jozef Balej wins face-off versus Ryan Craig in Demolitions zone.
3:25 of 1st period - Backhand shot by Stephane Veilleux.
3:25 of 1st period - Stopped by Chad Johnson without a rebound.
3:26 of 1st period - Colin Wilson wins face-off versus Ryan Craig in Demolitions zone.
3:33 of 1st period - Slapshot by Brandon Bochenski.
3:33 of 1st period - Shot Blocked by Andrej Sekera.
4:35 of 1st period - Snap shot by Masi Marjamaki.
4:35 of 1st period - Shot Misses the Net.
4:37 of 1st period - Snap shot by Brandon Bochenski.
4:37 of 1st period - Stopped by Josh Harding without a rebound.
4:38 of 1st period - Brian Boyle wins face-off versus T.J. Hensick in Inferno zone.
4:44 of 1st period - Off-side.
4:45 of 1st period - T.J. Hensick wins face-off versus Brian Boyle in neutral zone.
5:00 of 1st period - Slapshot by Anthony Stewart.
5:00 of 1st period - Shot Misses the Net.
5:12 of 1st period - Slapshot by Andrej Meszaros.
5:12 of 1st period - Stopped by Chad Johnson with a rebound.
5:27 of 1st period - Icing by Anton Babchuk.
5:28 of 1st period - Vladimir Sobotka wins face-off versus Nicolas Blanchard in Demolitions zone.
5:31 of 1st period - Snap shot by Vladimir Zharkov.
5:31 of 1st period - Stopped by Chad Johnson with a rebound.
5:33 of 1st period - Wrist shot by Brad Marchand.
5:33 of 1st period - Shot Misses the Net.
5:35 of 1st period - Slapshot by Brendan Smith.
5:35 of 1st period - Shot Misses the Net.
5:37 of 1st period - Slapshot by Brendan Smith.
5:37 of 1st period - Shot Blocked by Anton Babchuk.
5:39 of 1st period - Slapshot by Brendan Mikkelson.
5:39 of 1st period - Deflect By Mikhail Grabovski.
5:39 of 1st period - Stopped by Chad Johnson with a rebound.
5:41 of 1st period - Snap shot by Mikhail Grabovski.
5:41 of 1st period - Shot Misses the Net.
5:43 of 1st period - Snap shot by Brad Marchand.
5:43 of 1st period - Stopped by Chad Johnson with a rebound.
5:53 of 1st period - Backhand shot by T.J. Hensick.
5:53 of 1st period - Shot Misses the Net.
6:01 of 1st period - Wrist shot by Colin Wilson.
6:01 of 1st period - Stopped by Chad Johnson with a rebound.
6:13 of 1st period - Wrist shot by Vladimir Zharkov.
6:13 of 1st period - Goal by Vladimir Zharkov - Demolitions : 0 - Inferno : 1.
6:14 of 1st period - T.J. Hensick wins face-off versus Mikhail Grabovski in neutral zone.
6:37 of 1st period - Icing by Andrej Sekera.
6:38 of 1st period - Ryan Craig wins face-off versus Mikhail Grabovski in Inferno zone.
6:41 of 1st period - Wrist shot by T.J. Hensick.
6:41 of 1st period - Shot Misses the Net.
7:01 of 1st period - Anssi Salmela is hit by Brad Marchand and loses puck.
7:06 of 1st period - Snap shot by Mikhail Grabovski.
7:06 of 1st period - Stopped by Chad Johnson without a rebound.
7:07 of 1st period - T.J. Hensick wins face-off versus Colin Wilson in Demolitions zone.
8:01 of 1st period - Wrist shot by Spencer Machacek.
8:01 of 1st period - Deflect By Robert Klinkhammer.
8:01 of 1st period - Stopped by Josh Harding without a rebound.
8:02 of 1st period - Jozef Balej wins face-off versus T.J. Hensick in Inferno zone.
8:09 of 1st period - Snap shot by Colin Wilson.
8:09 of 1st period - Stopped by Chad Johnson with a rebound.
8:49 of 1st period - Icing by Andrej Meszaros.
8:50 of 1st period - Ryan Craig wins face-off versus Brian Boyle in Inferno zone.
8:57 of 1st period - Snap shot by Brian Boyle.
8:57 of 1st period - Deflect By Ryan Craig.
8:57 of 1st period - Shot Blocked by Ryan Craig.
8:57 of 1st period - Puck is out of play.
8:58 of 1st period - Ryan Craig wins face-off versus Mikhail Grabovski in Demolitions zone.
9:32 of 1st period - Wrist shot by Nicolas Blanchard.
9:32 of 1st period - Stopped by Josh Harding without a rebound.
9:33 of 1st period - Vladimir Sobotka wins face-off versus Anthony Stewart in Inferno zone.
9:33 of 1st period - Vladimir Sobotka is hit by Anthony Stewart.
9:34 of 1st period - Vladimir Sobotka from Inferno is injured at 9:34 of 1st period (Strained Right Elbow).
9:35 of 1st period - T.J. Hensick wins face-off versus Mikhail Grabovski in Inferno zone.
9:40 of 1st period - Slapshot by T.J. Hensick.
9:40 of 1st period - Stopped by Josh Harding without a rebound.
9:41 of 1st period - Mikhail Grabovski wins face-off versus T.J. Hensick in Inferno zone.
9:41 of 1st period - Mikhail Grabovski is hit by T.J. Hensick.
10:06 of 1st period - Wrist shot by Andrej Meszaros.
10:06 of 1st period - Deflect By Colin Wilson.
10:06 of 1st period - Stopped by Chad Johnson without a rebound.
10:07 of 1st period - Ryan Craig wins face-off versus Colin Wilson in Demolitions zone.
10:32 of 1st period - Stephane Veilleux is hit by T.J. Hensick and loses puck.
10:37 of 1st period - Slapshot by T.J. Hensick.
10:37 of 1st period - Deflect By Anthony Stewart.
10:37 of 1st period - Goal by Anthony Stewart - Demolitions : 1 - Inferno : 1.
10:38 of 1st period - Mikhail Grabovski wins face-off versus T.J. Hensick in neutral zone.
10:43 of 1st period - Snap shot by Mikhail Grabovski.
10:43 of 1st period - Shot Misses the Net.
11:03 of 1st period - Andrej Meszaros is hit by Masi Marjamaki and loses puck.
11:16 of 1st period - Ryan Craig is hit by Matt Kassian and loses puck.
12:13 of 1st period - Icing by Anssi Salmela.
12:14 of 1st period - Colin Wilson wins face-off versus Vince Rocco in Demolitions zone.
12:30 of 1st period - Icing by Andrej Sekera.
12:31 of 1st period - Ryan Craig wins face-off versus Mikhail Grabovski in Inferno zone.
12:32 of 1st period - Slapshot by Brandon Bochenski.
12:32 of 1st period - Deflect By Ryan Craig.
12:32 of 1st period - Stopped by Josh Harding without a rebound.
12:33 of 1st period - Mikhail Grabovski wins face-off versus Ryan Craig in Inferno zone.
12:48 of 1st period - Wrist shot by Mikhail Grabovski.
12:48 of 1st period - Shot Misses the Net.
13:21 of 1st period - Wrist shot by Andrej Meszaros.
13:21 of 1st period - Stopped by Chad Johnson without a rebound.
13:22 of 1st period - Nicolas Blanchard wins face-off versus Brian Boyle in Demolitions zone.
13:34 of 1st period - Snap shot by Robert Klinkhammer.
13:34 of 1st period - Shot Misses the Net.
13:35 of 1st period - Minor Penalty to Brian Boyle for Interference.
13:36 of 1st period - T.J. Hensick wins face-off versus Mikhail Grabovski in Inferno zone.
13:45 of 1st period - Slapshot by T.J. Hensick.
13:45 of 1st period - Goal by T.J. Hensick - Demolitions : 2 - Inferno : 1.
13:46 of 1st period - T.J. Hensick wins face-off versus Mikhail Grabovski in neutral zone.
14:18 of 1st period - Snap shot by Brandon Bochenski.
14:18 of 1st period - Stopped by Josh Harding with a rebound.
14:20 of 1st period - Slapshot by Matt Corrente.
14:20 of 1st period - Stopped by Josh Harding without a rebound.
14:21 of 1st period - T.J. Hensick wins face-off versus Matt Kassian in Inferno zone.
14:33 of 1st period - Minor Penalty to Brendan Smith for Roughing.
14:34 of 1st period - T.J. Hensick wins face-off versus Brian Boyle in Inferno zone.
14:43 of 1st period - Snap shot by Anthony Stewart.
14:43 of 1st period - Stopped by Josh Harding with a rebound.
14:45 of 1st period - Slapshot by Kyle Cumiskey.
14:45 of 1st period - Stopped by Josh Harding without a rebound.
14:46 of 1st period - Brian Boyle wins face-off versus T.J. Hensick in Inferno zone.
14:57 of 1st period - Slapshot by Anthony Stewart.
14:57 of 1st period - Stopped by Josh Harding with a rebound.
14:59 of 1st period - Slapshot by Kyle Cumiskey.
14:59 of 1st period - Stopped by Josh Harding without a rebound.
15:00 of 1st period - Brian Boyle wins face-off versus T.J. Hensick in Inferno zone.
15:14 of 1st period - Brian Boyle is hit by Petr Vrana and loses puck.
15:25 of 1st period - Andrej Meszaros is hit by Andy Rogers and loses puck.
16:32 of 1st period - Anthony Stewart is hit by Colin Wilson and loses puck.
16:33 of 1st period - Penalty to Brendan Smith is over, Brendan Smith is back on ice.
16:59 of 1st period - Snap shot by Spencer Machacek.
16:59 of 1st period - Deflect By Nicolas Blanchard.
16:59 of 1st period - Shot Misses the Net.
16:59 of 1st period - Puck is out of play.
17:00 of 1st period - Colin Wilson wins face-off versus Ryan Craig in Inferno zone.
17:25 of 1st period - Jonathan Ferland is hit by Nicolas Blanchard and loses puck.
17:43 of 1st period - Icing by Brad Marchand.
17:44 of 1st period - Mikhail Grabovski wins face-off versus Vince Rocco in Inferno zone.
18:08 of 1st period - Brendan Smith is hit by Nicolas Blanchard and loses puck.
18:41 of 1st period - Snap shot by Brad Marchand.
18:41 of 1st period - Shot Misses the Net.
18:43 of 1st period - Slapshot by Brendan Mikkelson.
18:43 of 1st period - Stopped by Chad Johnson with a rebound.
19:03 of 1st period - Snap shot by Pierre-Luc Létourneau.
19:03 of 1st period - Stopped by Chad Johnson with a rebound.
19:13 of 1st period - Robert Klinkhammer is hit by Andrej Sekera and loses puck.
19:26 of 1st period - Snap shot by T.J. Hensick.
19:26 of 1st period - Stopped by Josh Harding with a rebound.
19:28 of 1st period - Wrist shot by Josh Beaulieu.
19:28 of 1st period - Shot Misses the Net.
19:30 of 1st period - Snap shot by T.J. Hensick.
19:30 of 1st period - Stopped by Josh Harding with a rebound.
19:32 of 1st period - Wrist shot by Josh Beaulieu.
19:32 of 1st period - Shot Misses the Net.
19:44 of 1st period - Wrist shot by Brandon Bochenski.
19:44 of 1st period - Shot Misses the Net.
2nd period
0:01 of 2nd period - Mikhail Grabovski wins face-off versus T.J. Hensick in neutral zone.
0:51 of 2nd period - Snap shot by Robert Klinkhammer.
0:51 of 2nd period - Shot Misses the Net.
0:53 of 2nd period - Wrist shot by Anssi Salmela.
0:53 of 2nd period - Stopped by Josh Harding without a rebound.
0:54 of 2nd period - Nicolas Blanchard wins face-off versus Colin Wilson in Inferno zone.
1:19 of 2nd period - Snap shot by Nicolas Blanchard.
1:19 of 2nd period - Deflect By Spencer Machacek.
1:19 of 2nd period - Shot Misses the Net.
1:19 of 2nd period - Puck is out of play.
1:20 of 2nd period - Petr Vrana wins face-off versus Mikhail Grabovski in Inferno zone.
1:27 of 2nd period - Slapshot by T.J. Hensick.
1:27 of 2nd period - Stopped by Josh Harding without a rebound.
1:28 of 2nd period - Mikhail Grabovski wins face-off versus T.J. Hensick in Inferno zone.
2:04 of 2nd period - Minor Penalty to Jonathan Ferland for Hooking.
2:05 of 2nd period - Ryan Craig wins face-off versus Brian Boyle in Inferno zone.
2:18 of 2nd period - Slapshot by Masi Marjamaki.
2:18 of 2nd period - Stopped by Josh Harding without a rebound.
2:19 of 2nd period - Brian Boyle wins face-off versus T.J. Hensick in Inferno zone.
3:57 of 2nd period - Brad Marchand is hit by Petr Vrana and loses puck.
4:04 of 2nd period - Penalty to Jonathan Ferland is over, Jonathan Ferland is back on ice.
4:22 of 2nd period - Minor Penalty to Spencer Machacek for Roughing.
4:23 of 2nd period - Colin Wilson wins face-off versus T.J. Hensick in Demolitions zone.
4:47 of 2nd period - Anthony Stewart is hit by Mikhail Grabovski and loses puck.
5:06 of 2nd period - Mikhail Grabovski is hit by Nicolas Blanchard and loses puck.
5:19 of 2nd period - Stephane Veilleux is hit by Anthony Stewart and loses puck.
5:45 of 2nd period - Ryan Craig is hit by Andrej Meszaros and loses puck.
5:46 of 2nd period - Ryan Craig from Demolitions is injured at 5:46 of 2nd period (Groin).
5:47 of 2nd period - Mikhail Grabovski wins face-off versus Anthony Stewart in Demolitions zone.
6:01 of 2nd period - Wrist shot by Brad Marchand.
6:01 of 2nd period - Shot Misses the Net.
6:03 of 2nd period - Slapshot by Jonathan Ferland.
6:03 of 2nd period - Shot Blocked by Kyle Cumiskey.
6:22 of 2nd period - Penalty to Spencer Machacek is over, Spencer Machacek is back on ice.
6:23 of 2nd period - Wrist shot by Stephane Veilleux.
6:23 of 2nd period - Stopped by Chad Johnson with a rebound.
6:39 of 2nd period - Wrist shot by Brian Boyle.
6:39 of 2nd period - Stopped by Chad Johnson without a rebound.
6:40 of 2nd period - Nicolas Blanchard wins face-off versus Mikhail Grabovski in Demolitions zone.
6:51 of 2nd period - Wrist shot by Brad Marchand.
6:51 of 2nd period - Shot Blocked by Nicolas Blanchard.
6:53 of 2nd period - Wrist shot by Jonathan Ferland.
6:53 of 2nd period - Shot Blocked by Masi Marjamaki.
6:55 of 2nd period - Snap shot by Mikhail Grabovski.
6:55 of 2nd period - Stopped by Chad Johnson with a rebound.
7:05 of 2nd period - Snap shot by Jozef Balej.
7:05 of 2nd period - Shot Blocked by Petr Vrana.
7:07 of 2nd period - Slapshot by Jozef Balej.
7:07 of 2nd period - Shot Misses the Net.
7:09 of 2nd period - Wrist shot by Colin Wilson.
7:09 of 2nd period - Shot Misses the Net.
7:11 of 2nd period - Slapshot by Yannick Weber.
7:11 of 2nd period - Stopped by Chad Johnson with a rebound.
7:13 of 2nd period - Snap shot by Stephane Veilleux.
7:13 of 2nd period - Deflect By Jozef Balej.
7:13 of 2nd period - Stopped by Chad Johnson with a rebound.
7:15 of 2nd period - Slapshot by Stephane Veilleux.
7:15 of 2nd period - Stopped by Chad Johnson with a rebound.
7:47 of 2nd period - Snap shot by Stephane Veilleux.
7:47 of 2nd period - Stopped by Chad Johnson with a rebound.
7:49 of 2nd period - Wrist shot by Stephane Veilleux.
7:49 of 2nd period - Shot Blocked by Kyle Wharton.
7:51 of 2nd period - Snap shot by Vladimir Zharkov.
7:51 of 2nd period - Shot Misses the Net.
8:03 of 2nd period - Wrist shot by Brad Marchand.
8:03 of 2nd period - Goal by Brad Marchand - Demolitions : 2 - Inferno : 2.
8:04 of 2nd period - Mikhail Grabovski wins face-off versus T.J. Hensick in neutral zone.
8:04 of 2nd period - Minor Penalty to T.J. Hensick for Roughing.
8:05 of 2nd period - Mikhail Grabovski wins face-off versus Spencer Machacek in Demolitions zone.
8:30 of 2nd period - Andy Rogers is hit by Andrej Meszaros and loses puck.
8:37 of 2nd period - Snap shot by Colin Wilson.
8:37 of 2nd period - Shot Blocked by Anthony Stewart.
8:59 of 2nd period - Snap shot by Kyle Cumiskey.
8:59 of 2nd period - Stopped by Josh Harding without a rebound.
9:00 of 2nd period - Stephane Veilleux wins face-off versus Nicolas Blanchard in Inferno zone.
9:09 of 2nd period - Slapshot by Stephane Veilleux.
9:09 of 2nd period - Stopped by Chad Johnson with a rebound.
10:04 of 2nd period - Penalty to T.J. Hensick is over, T.J. Hensick is back on ice.
10:18 of 2nd period - Kyle Wharton is hit by Brian Boyle and loses puck.
11:28 of 2nd period - Icing by Masi Marjamaki.
11:29 of 2nd period - Mikhail Grabovski wins face-off versus T.J. Hensick in Demolitions zone.
11:30 of 2nd period - Snap shot by Brad Marchand.
11:30 of 2nd period - Goal by Brad Marchand - Demolitions : 2 - Inferno : 3.
11:31 of 2nd period - Mikhail Grabovski wins face-off versus T.J. Hensick in neutral zone.
11:34 of 2nd period - Wrist shot by Andrej Meszaros.
11:34 of 2nd period - Stopped by Chad Johnson with a rebound.
11:36 of 2nd period - Wrist shot by Mikhail Grabovski.
11:36 of 2nd period - Shot Blocked by Anthony Stewart.
11:38 of 2nd period - Wrist shot by Brad Marchand.
11:38 of 2nd period - Stopped by Chad Johnson without a rebound.
11:39 of 2nd period - T.J. Hensick wins face-off versus Mikhail Grabovski in Demolitions zone.
11:44 of 2nd period - Slapshot by Kyle Cumiskey.
11:44 of 2nd period - Shot Misses the Net.
12:09 of 2nd period - Off-side.
12:10 of 2nd period - Colin Wilson wins face-off versus Nicolas Blanchard in neutral zone.
12:21 of 2nd period - Backhand shot by Stephane Veilleux.
12:21 of 2nd period - Stopped by Chad Johnson without a rebound.
12:22 of 2nd period - Jonathan Ferland wins face-off versus T.J. Hensick in Demolitions zone.
12:31 of 2nd period - Slapshot by Brad Marchand.
12:31 of 2nd period - Stopped by Chad Johnson without a rebound.
12:32 of 2nd period - Mikhail Grabovski wins face-off versus Anthony Stewart in Demolitions zone.
12:53 of 2nd period - Snap shot by Brad Marchand.
12:53 of 2nd period - Stopped by Chad Johnson with a rebound.
13:04 of 2nd period - Icing by T.J. Hensick.
13:05 of 2nd period - Colin Wilson wins face-off versus T.J. Hensick in Demolitions zone.
13:10 of 2nd period - Snap shot by Colin Wilson.
13:10 of 2nd period - Deflect By T.J. Hensick.
13:10 of 2nd period - Stopped by Chad Johnson without a rebound.
13:10 of 2nd period - Minor Penalty to Anthony Stewart for Hooking.
13:11 of 2nd period - T.J. Hensick wins face-off versus Jonathan Ferland in Demolitions zone.
13:20 of 2nd period - Slapshot by Mikhail Grabovski.
13:20 of 2nd period - Stopped by Chad Johnson with a rebound.
13:22 of 2nd period - Wrist shot by Andrej Meszaros.
13:22 of 2nd period - Stopped by Chad Johnson without a rebound.
13:23 of 2nd period - Mikhail Grabovski wins face-off versus T.J. Hensick in Demolitions zone.
15:10 of 2nd period - Penalty to Anthony Stewart is over, Anthony Stewart is back on ice.
17:50 of 2nd period - Brian Boyle is hit by Josh Beaulieu and loses puck.
18:09 of 2nd period - Matt Kassian is hit by Masi Marjamaki and loses puck.
3rd period
0:01 of 3rd period - Mikhail Grabovski wins face-off versus T.J. Hensick in neutral zone.
0:14 of 3rd period - Wrist shot by Mikhail Grabovski.
0:14 of 3rd period - Stopped by Chad Johnson with a rebound.
0:16 of 3rd period - Slapshot by Andrej Sekera.
0:16 of 3rd period - Shot Blocked by Andy Rogers.
0:40 of 3rd period - Jozef Balej is hit by Masi Marjamaki and loses puck.
0:50 of 3rd period - Off-side.
0:51 of 3rd period - Brian Boyle wins face-off versus Vince Rocco in neutral zone.
0:54 of 3rd period - Slapshot by Brendan Smith.
0:54 of 3rd period - Shot Blocked by Anton Babchuk.
1:07 of 3rd period - Minor Penalty to Brian Boyle for Hooking.
1:08 of 3rd period - Mikhail Grabovski wins face-off versus T.J. Hensick in Inferno zone.
1:19 of 3rd period - Snap shot by T.J. Hensick.
1:19 of 3rd period - Shot Misses the Net.
1:21 of 3rd period - Snap shot by T.J. Hensick.
1:21 of 3rd period - Goal by T.J. Hensick - Demolitions : 3 - Inferno : 3.
1:22 of 3rd period - Mikhail Grabovski wins face-off versus Petr Vrana in neutral zone.
2:11 of 3rd period - Anton Babchuk is hit by Alex Berry and loses puck.
2:26 of 3rd period - Slapshot by Andrej Sekera.
2:26 of 3rd period - Shot Blocked by Kyle Wharton.
3:59 of 3rd period - Minor Penalty to Stephane Veilleux for Hooking.
4:00 of 3rd period - Brian Boyle wins face-off versus T.J. Hensick in Inferno zone.
4:00 of 3rd period - Brian Boyle is hit by Petr Vrana.
4:30 of 3rd period - Pierre-Luc Létourneau is hit by Nicolas Blanchard and loses puck.
4:38 of 3rd period - Wrist shot by Brandon Bochenski.
4:38 of 3rd period - Shot Blocked by Brendan Mikkelson.
5:52 of 3rd period - Brendan Mikkelson is hit by Andy Rogers and loses puck.
5:59 of 3rd period - Penalty to Stephane Veilleux is over, Stephane Veilleux is back on ice.
6:29 of 3rd period - Robert Klinkhammer is hit by Jozef Balej and loses puck.
6:37 of 3rd period - Icing by Anssi Salmela.
6:38 of 3rd period - Nicolas Blanchard wins face-off versus Colin Wilson in Demolitions zone.
6:43 of 3rd period - Slapshot by Anthony Stewart.
6:43 of 3rd period - Stopped by Josh Harding without a rebound.
6:44 of 3rd period - T.J. Hensick wins face-off versus Colin Wilson in Inferno zone.
7:01 of 3rd period - Petr Vrana is hit by Stephane Veilleux and loses puck.
7:06 of 3rd period - Wrist shot by Stephane Veilleux.
7:06 of 3rd period - Shot Misses the Net.
7:08 of 3rd period - Slapshot by Yannick Weber.
7:08 of 3rd period - Shot Misses the Net.
7:10 of 3rd period - Snap shot by Mark Mitera.
7:10 of 3rd period - Stopped by Chad Johnson with a rebound.
7:12 of 3rd period - Snap shot by Stephane Veilleux.
7:12 of 3rd period - Shot Blocked by Anthony Stewart.
7:14 of 3rd period - Snap shot by Colin Wilson.
7:14 of 3rd period - Stopped by Chad Johnson with a rebound.
7:41 of 3rd period - Icing by Jozef Balej.
7:42 of 3rd period - Colin Wilson wins face-off versus Nicolas Blanchard in Inferno zone.
8:10 of 3rd period - Snap shot by Jonathan Ferland.
8:10 of 3rd period - Shot Blocked by Anton Babchuk.
11:53 of 3rd period - Kyle Cumiskey is hit by Matt Kassian and loses puck.
12:14 of 3rd period - T.J. Hensick is hit by Brian Boyle and loses puck.
12:55 of 3rd period - Brendan Mikkelson is hit by Robert Klinkhammer and loses puck.
13:28 of 3rd period - Icing by Brendan Smith.
13:29 of 3rd period - Mikhail Grabovski wins face-off versus Vince Rocco in Inferno zone.
13:46 of 3rd period - Brian Boyle is hit by Spencer Machacek.
14:15 of 3rd period - Snap shot by Stephane Veilleux.
14:15 of 3rd period - Shot Blocked by Kyle Wharton.
14:17 of 3rd period - Snap shot by Stephane Veilleux.
14:17 of 3rd period - Shot Blocked by Petr Vrana.
14:43 of 3rd period - Snap shot by T.J. Hensick.
14:43 of 3rd period - Shot Misses the Net.
15:03 of 3rd period - Vladimir Zharkov is hit by Vince Rocco and loses puck.
15:40 of 3rd period - Colin Wilson is hit by Kyle Cumiskey and loses puck.
16:31 of 3rd period - Wrist shot by Vladimir Zharkov.
16:31 of 3rd period - Stopped by Chad Johnson without a rebound.
16:32 of 3rd period - Mikhail Grabovski wins face-off versus T.J. Hensick in Demolitions zone.
16:49 of 3rd period - Mikhail Grabovski is hit by Anton Babchuk and loses puck.
17:32 of 3rd period - Brandon Bochenski is hit by Vladimir Zharkov and loses puck.
19:17 of 3rd period - Petr Vrana is hit by Brendan Smith and loses puck.
Overtime #1
0:01 of 1st overtime period - T.J. Hensick wins face-off versus Mikhail Grabovski in neutral zone.
0:12 of 1st overtime period - Snap shot by T.J. Hensick.
0:12 of 1st overtime period - Shot Misses the Net.
0:53 of 1st overtime period - Slapshot by Andy Rogers.
0:53 of 1st overtime period - Shot Blocked by Brendan Mikkelson.
2:16 of 1st overtime period - Anton Babchuk is hit by Brendan Smith and loses puck.
2:21 of 1st overtime period - Wrist shot by Jonathan Ferland.
2:21 of 1st overtime period - Goal by Jonathan Ferland - Demolitions : 3 - Inferno : 4.
Output by the SimonT Hockey Simulator (STHS) for François Prévost -- Original Page W3C XHTML 1.0 Valid